 Dungeon Crawl Stone Soup version 0.30-a0-883-g5ad918d77d (webtiles) character file.

Game seed: 7276124389404218262

37 cheesebisquit the Conjurer (level 3, -6/29 HPs)
             Began as a Draconian Conjurer on Mar 16, 2023.
             Killed from afar by Terence (19 damage)
             ... with a bolt of dispelling energy
             ... on level 2 of the Dungeon.
             The game lasted 00:05:47 (1206 turns).

cheesebisquit the Conjurer (Draconian Conjurer)     Turns: 1206, Time: 00:05:47

Health: -6/29      AC:  5    Str:  9    XL:     3   Next: 23%
Magic:  1/6        EV: 12    Int: 20    God:
Gold:   76         SH:  0    Dex:  9    Spells: 5/6 levels left

rFire   . . .      SeeInvis .    g - +2 dagger (drain)
rCold   . . .      Faith    .    (no shield)
rNeg    . . .      Spirit   .    (body armour unavailable)
rPois   .          Reflect  .    (helmet restricted)
rElec   .          Rampage  .    (no cloak)
rCorr   .                        (no gloves)
Will    .....                    (no boots)
Stlth   ++                       (no amulet)
HPRegen 0.24/turn                j - ring of flight
MPRegen 0.10/turn                (no ring)

@: flying
A: AC +5, unfitting armour, cold-blooded
a: no special abilities


You were on level 2 of the Dungeon.
You visited 1 branch of the dungeon, and saw 2 of its levels.

You collected 76 gold pieces.

Inventory:

Hand Weapons
 g - a +2 dagger of draining (weapon)
Jewellery
 j - a ring of flight (left hand)
Scrolls
 b - 2 scrolls of teleportation {unknown}
 e - 2 scrolls of poison {unknown}
 f - a scroll of amnesia {unknown}
 k - a scroll of magic mapping {unknown}
 l - a scroll of identify {unknown}
Potions
 a - a potion of magic
 c - a potion of degeneration {unknown}
 d - 2 potions of attraction {unknown}
 h - 2 potions of brilliance {unknown}
 i - a potion of curing {unknown}


   Skills:
 + Level 2.1 Fighting
 + Level 2.7 Dodging
 - Level 1.7 Stealth
 - Level 2.0 Spellcasting
 - Level 4.0 Conjurations


You had 5 spell levels left.
You knew the following spells:

 Your Spells              Type           Power      Damage    Failure   Level
a - Magic Dart            Conj           72%        1d6       3%          1

Your spell library contained the following spells:

 Spells                   Type           Power      Damage    Failure   Level
 Searing Ray              Conj           36%        2d5       4%          2
 Dazzling Flash           Conj/Hex       20%        N/A       21%         3
 Cigotuvi's Dreadful Rot  Necr/Pois/Air  4%         N/A       24%         2
 Poisonous Vapours        Pois/Air       4%         N/A       24%         2
 Mephitic Cloud           Conj/Pois/Air  7%         N/A       28%         3
 Fulminant Prism          Conj/Hex       5%         3d7       56%         4
 Iskenderun's Mystic Bla  Conj/Tloc      10%        2d4       56%         4
 Malign Gateway           Summ/Tloc      1%         N/A       100%        7
 Summon Horrible Things   Summ           1%         N/A       100%        8


Dungeon Overview and Level Annotations

Branches:
Dungeon (2/15)

Altars:

Annotations:
D:2 Terence


Innate Abilities, Weirdness & Mutations

Your plain brown scales are hard. (AC +5)
You cannot fit into any form of body armour.
You are cold-blooded and may be slowed by cold attacks.


Message History

There is a stone staircase leading up here.
As you open the door, it creaks loudly!
A dart slug comes into view.
There is an open door here.
The magic dart hits the dart slug.
The dart slug is severely wounded.
The magic dart hits the dart slug.
You kill the dart slug!
Magic restored.
Found a stone staircase leading down.
Terence the Incautious comes into view.
He is wielding a +0 mace and carrying a wand of quicksilver (11).
Terence shouts!
Okay, then.
The magic dart hits Terence.
Terence is lightly wounded.
Terence zaps a wand.
The bolt of dispelling energy hits you!
The magic dart hits Terence.
Terence is moderately wounded.
Terence zaps a wand.
The bolt of dispelling energy misses you.
The magic dart hits Terence but does no damage.
Terence is moderately wounded.
Terence zaps a wand.
The bolt of dispelling energy hits you!
You are too injured to fight recklessly!
Aiming: Magic Dart (safe; 3% risk of failure)
Press: ? - help, Q - select action Shift-Dir - straight line, f/p - Terence
Aim: Terence, wielding a +0 mace, wearing a +0 scale mail and carrying a wand of quicksilver (8) (lightly wounded, 100% to hit)
The magic dart hits Terence.
Terence is moderately wounded.
Terence shouts, "Get ready for death!"
Aiming: Magic Dart (safe; 3% risk of failure)
Press: ? - help, Q - select action Shift-Dir - straight line, f/p - Terence
Aim: Terence, wielding a +0 mace, wearing a +0 scale mail and carrying a wand of quicksilver (8) (moderately wounded, 100% to hit)
The magic dart hits Terence but does no damage.
Terence is moderately wounded.
Terence shouts, "Get ready for death!"
Terence zaps a wand.
The bolt of dispelling energy hits you!!
Ouch! That really hurt!
You die...

#.........#....†....#
#...........#'#####.#
#........##.#.##....#
#........##.#<...#
##..<..####.#.##.#
#.....# #.#.# #
#.......# #.#.#
###.....####.#..
##...##...@#+#
.......##......#
....## ....@..#
#...(# ...>....#
###$.....# #......#
#......# #......#


You could see Terence.

Vanquished Creatures
  3 dart slugs
  4 ball pythons
  3 bats (D:1)
  3 endoplasms
  A giant cockroach (D:1)
  5 goblins
  A hobgoblin (D:1)
  2 jackals (D:1)
  A kobold (D:1)
  3 frilled lizards
  2 rats
28 creatures vanquished.

Notes
Turn   | Place    | Note
-------+----------+-------------------------------------------
     0 | D:1      | cheesebisquit the Draconian Conjurer began the quest for
                  | the Orb.
     0 | D:1      | Reached XP level 1. HP: 14/14 MP: 3/3
   182 | D:1      | Reached skill level 1 in Fighting
   217 | D:1      | Reached XP level 2. HP: 23/23 MP: 0/5
  1020 | D:2      | Reached XP level 3. HP: 29/29 MP: 3/6
  1201 | D:2      | Noticed Terence
  1206 | D:2      | Killed from afar by Terence

Illustrated notes

Levels and vault maps discovered:
D:1:      spicycebolla_arrival_clurvy, layout_rooms
D:2:      layout_basic, uniq_terence

Skill      XL: |  1  2 |
---------------+-------+-----
Dodging        | 2 |  2.7
Fighting       | 1 2 |  2.1
Stealth        | |  1.7
Spellcasting   | |  2.0
Conjurations   | |  4.0

Action                     || total
---------------------------++-------
  Melee: Unarmed           ||     3
   Cast: Magic Dart        ||    60
  Dodge: Dodged            ||     8

Table legend: (Time is in decaauts)
 A = Elapsed time spent in this place.
 B = Non-inter-level travel time spent in this place.
 C = Inter-level travel time spent in this place.
 D = Time resting spent in this place.
 E = Time spent auto-exploring this place.
 F = Levels seen in this place.
 G = Mean time per level.
                   A        B        C        D        E       F      G
               +--------+--------+--------+--------+--------+-----+--------+
         Total |   1203 |   1129 |     74 |      0 |    976 |   2 |  601.5 |
       Dungeon |   1203 |   1129 |     74 |      0 |    976 |   2 |  601.5 |
               +--------+--------+--------+--------+--------+-----+--------+

Top non-repeatable levels by time:
     D:1: 909 daAuts
     D:2: 294 daAuts
